 Dungeon Sprint DCSS version 0.19.1 (webtiles) character file.

15942 equalderp2856 the Eviscerator (level 12, -25/57 HPs)
             Began as a Felid Fighter on Nov 27, 2016.
             Was the Champion of Ru.
             Hit by a large rock thrown by a stone giant (26 damage)
             ... in the Dungeon (Sprint IX: "|||||||||||||||||||||||||||||").
             The game lasted 00:19:51 (7663 turns).

equalderp2856 the Eviscerator (Felid Fighter)       Turns: 7663, Time: 00:19:54

Health: -25/57     AC:  3    Str: 14    XL:     12   Next: 5%
Magic:  5/13       EV: 14    Int: 11    God:    Ru [******]
Gold:   1620       SH:  0    Dex: 20    Spells: 0 memorised, 11 levels left
                                        Lives:  0   Deaths: 3

rFire  . . .     SeeInvis +       - Unarmed
rCold  + . .     Gourm    .     (armour unavailable)
rNeg   . . .     Faith    .     (shield unavailable)
rPois  .         Spirit   .     (helmet unavailable)
rElec  .         Reflect  .     (cloak unavailable)
rCorr  .         Harm     .     (gloves unavailable)
MR     +....     NoTele   +     (boots unavailable)
Stlth  ++++++++..               (no amulet)
                                n - +2 ring of evasion
                                m - +3 ring of dexterity

@: exhausted, no potions, overwhelmed with horror, quick
A: no armour, no weapons or thrown items, stealth, claws 1, fangs 3, see
invisible, carnivore 3, speed 1, shaggy fur 3, slow metabolism 1, inability to
drink while threatened, cowardly, inability to train dodging, no poison magic,
no translocations magic, no transmutations magic, reduced EV 1, sharp paws
a: Draw Out Power, Power Leap, Apocalypse, Renounce Religion


You were in the Dungeon.
You worshipped Ru.
Ru was exalted by your worship.
You were not hungry.

You visited 1 branch You collected 1900 gold pieces.
You spent 280 gold pieces at shops.

Inventory:

Jewellery
 a - an uncursed ring of poison resistance
 m - a +3 ring of dexterity (left paw)
 n - a +2 ring of evasion (right paw)
 o - an uncursed ring of protection from fire
 r - an uncursed ring of stealth
 t - an uncursed ring of protection from cold
 u - an uncursed ring of ice
Wands
 l - a wand of acid (7/15)
 p - a wand of flame (31/48)
 s - a wand of digging (10/24)
Scrolls
 h - 2 scrolls of blinking
 j - 5 scrolls of remove curse
 k - 2 scrolls of amnesia
 w - a scroll of identify
Potions
 b - 2 potions of lignification
 c - a potion of invisibility
 e - 3 potions of haste
 f - 4 potions of magic
 g - 2 potions of berserk rage
 i - 2 potions of curing
 q - 4 potions of heal wounds
 v - a potion of agility
Comestibles
 d - 11 meat rations


   Skills:
 + Level 9.5 Fighting
 + Level 19.5 Stealth
 + Level 22.5 Unarmed Combat


You had 11 spell levels left.
You didn't know any spells.

Dungeon Overview and Level Annotations

Branches:
Dungeon (1/1)

Altars:
Cheibriados
Dithmenos
Elyvilon
Fedhas
Gozag
Hepliaklqana
Kikubaaqudgha
Makhleb
Nemelex Xobeh
Okawaru
Qazlal
Ru
Sif Muna
Trog
Uskayaw
Vehumet
Xom
Yredelemnul
Zin
The Shining One
Beogh
Jiyva
Lugonu

Shops:
D *![*


Innate Abilities, Weirdness & Mutations

You cannot wear armour.
You are incapable of wielding weapons or throwing items.
Your paws allow you to move quietly. (Stealth)
You have sharp claws.
You have razor-sharp teeth.
You have supernaturally acute eyesight. (SInv)
You are carnivorous and can eat meat at any time.
You cover ground quickly.
Your thick and shaggy fur keeps you warm. (AC +3, rC+)
You have a slow metabolism.
You cannot drink potions while threatened.
Your cowardice makes you less effective in combat with threatening monsters.
You cannot train Dodging skill.
You cannot study or cast Poison magic.
You cannot study or cast Translocations magic.
You cannot study or cast Transmutations magic.
You have somewhat slow reflexes. (EV -3)
Your sharp claws are effective at attacking unaware monsters.


Message History

The purple very ugly thing is almost dead.
The stone giant is no longer paralysed.
You claw the purple very ugly thing!
The purple very ugly thing is almost dead.
The purple very ugly thing tail-slaps you.
* * * LOW HITPOINT WARNING * * *
You cannot drink potions in your current state!
You scratch the purple very ugly thing but do no damage.
The purple very ugly thing is almost dead.
You claw the purple very ugly thing!
You kill the purple very ugly thing!
Your life force feels restored.
You have reached level 12!
Your experience leads to an increase in your attributes!
Your base attributes are Str 13, Int 11, Dex 17.
Increase (S)trength, (I)ntelligence, or (D)exterity?
You feel stronger.
Your thick fur grows shaggy and warm.
The stone giant throws a large rock.
The large rock hits you!!
You die...

▓.▓.▓)▓.▓÷▓.▓.▓
▓?▓.▓)▓.▓'▓.▓'▓
▓'▓.▓)▓.▓.▓.▓.▓
▓.▓.▓.▓.▓.▓.▓.▓
▓.▓.▓.▓)▓.▓.▓|▓
▓.▓.▓.▓)▓.▓.▓)▓
▓.▓.▓∩▓.▓.▓.▓[▓
▓.▓.▓.▓.▓.▓.▓[▓
▓@▓.▓∩▓.▓.▓.▓[▓
▓†▓.▓.▓.▓.▓.▓.▓
▓C▓.▓∩▓.▓.▓.▓.▓
▓C▓.▓.▓.▓[▓.▓'▓
▓.▓.▓∩▓.▓[▓.▓.▓
▓C▓.▓.▓.▓.▓.▓.▓
▓C▓.▓.▓.▓'▓.▓.▓
▓.▓.▓.▓.▓%▓.▓.▓
▓.▓.▓.▓.▓.▓.▓


You could see a fire giant and 3 stone giants.

Vanquished Creatures
  Gastronok (D)
  A very ugly thing (D)
  3 hydras (D)
  A centaur warrior (D)
  A deep troll shaman (D)
  A tengu warrior (D)
  8 orc high priests (D)
  4 lindwurms (D)
  2 orc knights (D)
  An orc sorcerer (D)
  An ugly thing (D)
  4 spiny frogs (D)
  3 komodo dragons (D)
  A tyrant leech (D)
  A hippogriff (D)
  A shadow (D)
  A wraith (D)
  A steam dragon (D)
  Eustachio (D)
  A hungry ghost (D)
  A sky beast (D)
  2 porcupines (D)
  A black bear (D)
  8 orc warriors (D)
  A phantom (D)
  3 crocodiles (D)
  5 bullfrogs (D)
  A crimson imp (D)
  9 orc priests (D)
  5 orc wizards (D)
  A hell rat (D)
  An adder (D)
  An adder zombie (D)
  3 worms (D)
  2 dart slugs (D)
  8 orcs (D)
  2 bat skeletons (D)
  2 bat zombies (D)
  A giant cockroach (D)
  2 jackals (D)
  2 rats (D)
99 creatures vanquished.

Notes
Turn   | Place    | Note
-------+----------+-------------------------------------------
     0 | D        | equalderp2856 the Felid Fighter began the quest for the Orb.
     0 | D        | Reached XP level 1. HP: 10/10 MP: 2/2
    13 | D        | Reached skill level 1 in Stealth
    13 | D        | Reached skill level 5 in Unarmed Combat
    14 | D        | Reached XP level 2. HP: 14/14 MP: 3/3
    18 | D        | Noticed a crimson imp
    18 | D        | Noticed a sky beast
    20 | D        | Killed a crimson imp
    20 | D        | Reached skill level 5 in Dodging
    20 | D        | Reached skill level 6 in Unarmed Combat
    20 | D        | Reached XP level 3. HP: 18/18 MP: 4/4
    40 | D        | Killed a sky beast
    40 | D        | Reached skill level 5 in Fighting
    40 | D        | Reached skill level 8 in Unarmed Combat
    40 | D        | Reached XP level 4. HP: 17/23 MP: 5/5
    40 | D        | Reached XP level 5. HP: 20/26 MP: 6/6
   166 | D        | Found a roughly hewn altar of Beogh.
   166 | D        | Found a snail-covered altar of Cheibriados.
   166 | D        | Found a shadowy altar of Dithmenos.
   166 | D        | Found a white marble altar of Elyvilon.
   166 | D        | Found a blossoming altar of Fedhas.
   166 | D        | Found an opulent altar of Gozag.
   167 | D        | Found a hazy altar of Hepliaklqana.
   168 | D        | Found a viscous altar of Jiyva.
   169 | D        | Found an ancient bone altar of Kikubaaqudgha.
   170 | D        | Found a corrupted altar of Lugonu.
   171 | D        | Found a burning altar of Makhleb.
   172 | D        | Found a sparkling altar of Nemelex Xobeh.
   173 | D        | Found an iron altar of Okawaru.
   174 | D        | Found a stormy altar of Qazlal.
   175 | D        | Found a sacrificial altar of Ru.
   176 | D        | Found a deep blue altar of Sif Muna.
   177 | D        | Found a bloodstained altar of Trog.
   178 | D        | Found a hide-covered altar of Uskayaw.
   179 | D        | Found a radiant altar of Vehumet.
   180 | D        | Found a shimmering altar of Xom.
   181 | D        | Found a basalt altar of Yredelemnul.
   182 | D        | Found a glowing silver altar of Zin.
   183 | D        | Found a glowing golden altar of the Shining One.
   201 | D        | Became a worshipper of Ru the Awakened
   229 | D        | Noticed a wraith
   229 | D        | Noticed a komodo dragon
   229 | D        | Noticed a phantom
   229 | D        | Noticed a black bear
   238 | D        | Killed a wraith
   238 | D        | Reached skill level 5 in Stealth
   238 | D        | Reached skill level 10 in Unarmed Combat
   238 | D        | Gained mutation: You are covered in thick fur. (AC +2) [Felid growth]
   238 | D        | Reached XP level 6. HP: 25/31 MP: 7/7
   238 | D        | Mangled by a komodo dragon
   239 | D        | Reached XP level 5. HP: -7/27 MP: 6/6
   264 | D        | Noticed a tengu warrior
   264 | D        | Noticed a shadow
   264 | D        | Noticed an orc warrior
   266 | D        | Killed an orc warrior
   266 | D        | Reached skill level 11 in Unarmed Combat
   274 | D        | Killed a shadow
   274 | D        | Reached XP level 6. HP: 20/31 MP: 7/7
   442 | D        | Killed a tengu warrior
   442 | D        | Reached skill level 13 in Unarmed Combat
   442 | D        | Reached XP level 7. HP: 25/36 MP: 8/8
   722 | D        | Reached XP level 8. HP: 40/40 MP: 9/9
   732 | D        | Killed a komodo dragon
   732 | D        | Reached skill level 10 in Stealth
   732 | D        | Reached skill level 14 in Unarmed Combat
   864 | D        | Gained mutation: Your cowardice makes you less effective in combat with threatening monsters. [Ru sacrifice]
   864 | D        | Reached * piety under Ru
   955 | D        | Noticed a spiny frog
   955 | D        | Noticed a hippogriff
   955 | D        | Noticed a spiny frog
   960 | D        | Noticed a spiny frog
   961 | D        | Killed a spiny frog
  1029 | D        | Killed a hippogriff
  1029 | D        | Reached skill level 15 in Unarmed Combat
  1029 | D        | Reached XP level 9. HP: 36/43 MP: 10/10
  1040 | D        | Killed a spiny frog
  1465 | D        | Killed a spiny frog
  1492 | D        | Noticed a komodo dragon
  1492 | D        | Noticed a komodo dragon
  1493 | D        | Noticed a spiny frog
  2060 | D        | Killed a komodo dragon
  2060 | D        | Reached skill level 16 in Unarmed Combat
  2087 | D        | Killed a komodo dragon
  2093 | D        | Killed a spiny frog
  2093 | D        | Reached XP level 10. HP: 40/48 MP: 11/11
  2125 | D        | Gained mutation: You cannot study or cast Poison magic. [Ru sacrifice]
  2125 | D        | Gained mutation: You cannot study or cast Transmutations magic. [Ru sacrifice]
  2125 | D        | Gained mutation: You cannot study or cast Translocations magic. [Ru sacrifice]
  2125 | D        | Reached ** piety under Ru
  2130 | D        | Noticed a lindwurm
  2130 | D        | Noticed a lindwurm
  2130 | D        | Noticed a lindwurm
  2130 | D        | Noticed a lindwurm
  2132 | D        | Killed a lindwurm
  2132 | D        | Reached skill level 17 in Unarmed Combat
  2140 | D        | HP: 2/48 [lindwurm/blast of flame (36)]
  2559 | D        | Killed from afar by a lindwurm
  2560 | D        | Reached XP level 9. HP: -10/44 MP: 10/10
  2639 | D        | Killed a lindwurm
  2651 | D        | Killed from afar by a lindwurm
  2652 | D        | Reached XP level 8. HP: -2/40 MP: 9/9
  2726 | D        | Killed a lindwurm
  2730 | D        | Killed a lindwurm
  2730 | D        | Reached skill level 15 in Dodging
  2730 | D        | Reached skill level 18 in Unarmed Combat
  2730 | D        | Reached XP level 9. HP: 27/44 MP: 10/10
  2872 | D        | Killed a tyrant leech
  2944 | D        | Noticed Eustachio
  2951 | D        | Killed Eustachio
  2962 | D        | Noticed Gastronok
  2981 | D        | Killed Gastronok
  2981 | D        | Reached XP level 10. HP: 27/48 MP: 11/11
  3151 | D        | Reached skill level 15 in Stealth
  3431 | D        | Reached skill level 19 in Unarmed Combat
  3458 | D        | Gained mutation: You cannot train Dodging skill. [Ru sacrifice]
  3458 | D        | Reached *** piety under Ru
  3458 | D        | Reached **** piety under Ru
  3471 | D        | Noticed an orc knight
  3715 | D        | Noticed an orc sorcerer
  3728 | D        | Noticed a rust devil
  3997 | D        | Killed an orc knight
  4134 | D        | Killed an orc sorcerer
  4223 | D        | Found Maeleess's Assorted Antiques.
  4223 | D        | Noticed an orc high priest
  4223 | D        | Noticed an orc high priest
  4223 | D        | Noticed an orc high priest
  4225 | D        | Killed an orc high priest
  4226 | D        | Found Guhapn's Distillery.
  4620 | D        | Noticed a smoke demon
  4625 | D        | Killed an orc high priest
  4625 | D        | Reached skill level 20 in Unarmed Combat
  4922 | D        | Killed an orc high priest
  5039 | D        | Found Teankuh's Armour Emporium.
  5041 | D        | Noticed an orc high priest
  5042 | D        | Found Lych's Assorted Antiques.
  5043 | D        | Noticed an orc high priest
  5044 | D        | Noticed an orc high priest
  5045 | D        | Noticed an orc high priest
  5049 | D        | Noticed an orange demon
  5166 | D        | Killed an orc high priest
  5166 | D        | Reached XP level 11. HP: 40/52 MP: 12/12
  5168 | D        | Gained mutation: You have somewhat slow reflexes. (EV -3) [Ru sacrifice]
  5168 | D        | Reached ***** piety under Ru
  5187 | D        | Killed an orc high priest
  5189 | D        | Noticed a sun demon
  5464 | D        | Killed an orc high priest
  5490 | D        | Killed an orc high priest
  5490 | D        | Reached skill level 21 in Unarmed Combat
  5506 | D        | Noticed an orc high priest
  5520 | D        | Killed an orc high priest
  5682 | D        | Bought a potion of heal wounds for 50 gold pieces
  5682 | D        | Bought a potion of heal wounds for 50 gold pieces
  5686 | D        | Bought a marble ring for 100 gold pieces
  5686 | D        | Bought a short lead wand for 80 gold pieces
  5830 | D        | Noticed a seven-headed hydra
  5830 | D        | Noticed a six-headed hydra
  5830 | D        | Noticed an orc knight
  5831 | D        | Noticed a four-headed hydra
  5941 | D        | Noticed a centaur warrior
  6720 | D        | HP: 2/52 [seven-headed hydra (4)]
  6721 | D        | Killed a seven-headed hydra
  7053 | D        | Killed a six-headed hydra
  7057 | D        | Killed a four-headed hydra
  7275 | D        | Killed an orc knight
  7312 | D        | Gained mutation: You cannot drink potions while threatened. [Ru sacrifice]
  7312 | D        | Reached ****** piety under Ru
  7334 | D        | Killed a centaur warrior
  7334 | D        | Reached skill level 22 in Unarmed Combat
  7542 | D        | Noticed a deep troll shaman
  7543 | D        | Killed a deep troll shaman
  7644 | D        | Noticed a green ugly thing
  7645 | D        | Noticed a purple very ugly thing
  7646 | D        | Noticed a stone giant
  7648 | D        | Noticed a fire giant
  7648 | D        | Killed a green ugly thing
  7650 | D        | Noticed a stone giant
  7651 | D        | Noticed a stone giant
  7661 | D        | HP: 1/53 [purple very ugly thing (2)]
  7663 | D        | Killed a purple very ugly thing
  7663 | D        | Gained mutation: Your thick and shaggy fur keeps you warm. (AC +3, rC+) [Felid growth]
  7663 | D        | Reached XP level 12. HP: 1/57 MP: 5/13
  7663 | D        | Hit by a large rock thrown by a stone giant

Skill      XL: |  1  2  3  4  5  6  7  8  9 10 11 |
---------------+----------------------------------+-----
Stealth        | 1 2 4 7 9 14 12 16 19 | 19.5
Unarmed Combat | 5 6 8 11 13 18 16 20 22 | 22.5
Fighting       | 4 5 6 7 8 9 |  9.5
Dodging        | 5 6 9 11 15 14 0 |  0.0

Action                   |  1- 3 |  4- 6 |  7- 9 | 10-12 || total
-------------------------+-------+-------+-------+-------++-------
Melee: Unarmed           |    28 |    43 |   151 |   188 ||   410
       Bite              |     2 |     5 |    25 |    15 ||    47
       Punch             |       |     2 |    19 |    13 ||    34
Invok: Sacrifice Courage |       |       |     1 |       ||     1
       Sacrifice Arcana  |       |       |       |     1 ||     1
       Sacrifice Nimblen |       |       |       |     1 ||     1
       Apocalypse        |       |       |       |     4 ||     4
       Sacrifice Drink   |       |       |       |     1 ||     1
       Sacrifice Health  |       |       |       |     1 ||     1
  Use: Potion            |     1 |     5 |     6 |     1 ||    13
       Scroll            |       |       |       |     2 ||     2
 Stab: Sleeping          |     3 |     1 |     3 |     6 ||    13
       Distracted        |       |       |     4 |     6 ||    10
       Paralysed         |       |       |       |     2 ||     2
       Invisible         |       |       |       |     3 ||     3
  Eat: Meat ration       |       |       |     1 |     1 ||     2
Armor: Skin              |       |     3 |     1 |     3 ||     7
Dodge: Dodged            |    23 |    44 |   121 |    75 ||   263
